 Dungeon Crawl Stone Soup version 0.31.0-9-g3a7656b989 (webtiles) character file.

Game seed: 2065155707135586242

151 GordonOverkill the Magician (level 4, -3/36 HPs)
             Began as a Demigod Gladiator on Jan 26, 2024.
             Slain by a gnoll
             ... wielding a +0 whip
              (5 damage)
             ... on level 3 of the Dungeon.
             The game lasted 00:03:10 (2181 turns).

GordonOverkill the Magician (Demigod Gladiator)     Turns: 2181, Time: 00:03:10

Health: -3/36      AC:  5    Str: 20    XL:     4   Next: 86%
Magic:  12/12      EV: 12    Int: 16    God:
Gold:   138        SH:  0    Dex: 15    Spells: 7/10 levels left

rFire   . . .        j - +4 glaive "Dragon's Tongue" {heavy, Str+5 Int+2}
rCold   . . .        (shield currently unavailable)
rNeg    . . .        b - +0 leather armour
rPois   .            c - +0 helmet
rElec   .            h - +0 cloak
rCorr   .            (no gloves)
SInv    .            (no boots)
Will    .....        e - amulet of magic regeneration
Stlth   +            (no ring)
HPRegen 0.26/turn    (no ring)
MPRegen 0.53/turn

%: no passive effects
@: no status effects
A: high MP 1, forlorn, divine attributes
a: no special abilities


You were on level 3 of the Dungeon.
You visited 1 branch of the dungeon, and saw 3 of its levels.

You collected 138 gold pieces.

Inventory:

Hand Weapons
 a - a +0 quarterstaff
 j - the +4 glaive "Dragon's Tongue" (weapon) {heavy, Str+5 Int+2}
   (You found it on level 2 of the Dungeon)

   Str+5:     It affects your strength (+5).
   Int+2:     It affects your intelligence (+2).
Missiles
 d - 5 throwing nets (quivered)
 f - a javelin
 l - a poisoned dart
Armour
 b - a +0 leather armour (worn)
 c - a +0 helmet (worn)
 h - a +0 cloak (worn)
Jewellery
 e - an amulet of magic regeneration (around neck)
Scrolls
 k - a scroll of identify {unknown}
 m - a scroll of poison
Potions
 g - 2 potions of magic {unknown}
 n - a potion of curing {unknown}


   Skills:
 - Level 2.0 Fighting
 - Level 2.6 Staves
 - Level 1.7 Throwing
 - Level 2.6 Dodging
 + Level 3.9 Spellcasting


You had 7 spell levels left.
You knew the following spells:

 Your Spells              Type           Power      Damage    Failure   Level
a - Frozen Ramparts       Ice            6%         1d1       52%         3

Your spell library contained the following spells:

 Spells                   Type           Power      Damage    Failure   Level
 Leda's Liquefaction      Alch/Erth      1%         N/A       90%         4
 Petrify                  Alch/Erth      3%         N/A       90%         4
 Metabolic Englaciation   Hex/Ice        1%         N/A       99%         5


Dungeon Overview and Level Annotations

Branches:
Dungeon (3/15)


Innate Abilities, Weirdness & Mutations

You have an increased reservoir of magic. (+10% MP)
You shall have no god before yourself.
Your divine heritage dramatically boosts your attributes as you level up.


Message History

A gnoll comes into view. It is wielding a +0 halberd.
A gnoll comes into view. It is wielding a +0 club.
The gnoll shouts!
You reach to attack!
You slice the gnoll!!
You kill the gnoll!
You closely miss the gnoll. The gnoll hits you but does no damage.
The gnoll closely misses you. The gnoll hits you with a +0 whip. x2
The gnoll closely misses you.
You closely miss the gnoll.
The gnoll hits you from afar with a +0 halberd of protection.
The gnoll misses you.
The gnoll hits you from afar with a +0 halberd.
The gnoll closely misses you. The gnoll barely misses you.
The gnoll hits you from afar with a +0 halberd of protection.
* * * LOW HITPOINT WARNING * * *
The gnoll closely misses you.
You are too injured to fight recklessly!
You are too injured to fight recklessly!
You slash the gnoll!
You kill the gnoll!
The gnoll barely misses you. The gnoll closely misses you.
The gnoll hits you with a +0 whip.
* * * LOW HITPOINT WARNING * * *
The gnoll hits you from afar with a +0 halberd!
* * * LOW HITPOINT WARNING * * *
The gnoll barely misses you.
The gnoll hits you from afar with a +0 halberd of protection.
* * * LOW HITPOINT WARNING * * *
Okay, then.
Okay, then.
A hobgoblin comes into view.
The hobgoblin shouts!
The gnoll shouts!
A gnoll comes into view. It is wielding a +0 whip.
The gnoll hits you from afar with a +0 halberd.
* * * LOW HITPOINT WARNING * * *
You see here a +0 club.
As you read the scroll labelled ERYFOS OL BUBB, it crumbles to dust.
The creatures around you are filled with an inner flame!
It was a scroll of immolation.
The gnoll hits you with a +0 whip.
You die...

.......##.#.##.##
.#####..........###
####..#.#...#>..##
#.....#.###......####
.##.##.##.............#
.#..##.#####.#.#g..##.#
.......# #.gg.#g####.#
##.##### #.g# #g# #.#
#.# #.. #@# #.# #.#
..g.g...# #.# #.#
?..g.#### #.# #.# ....
#.# #.# ... #.# #.# ..
##.## #.## # ####.(.##
#..# #.......# ##.#
#.##...##


You could see 5 gnolls and a hobgoblin (inner flame).

Vanquished Creatures
  9 gnolls
  2 dart slugs
  2 ribbon worms (D:2)
  7 bats
  4 endoplasms
  3 giant cockroaches (D:1)
  3 hobgoblins
  5 jackals
  A quokka (D:1)
  6 ball pythons
  2 frilled lizards
  5 goblins
  A jackal skeleton (D:3)
  3 kobolds
  5 rats
58 creatures vanquished.

Notes
Turn   | Place    | Note
-------+----------+-------------------------------------------
     0 | D:1      | GordonOverkill the Demigod Gladiator began the quest for
                  | the Orb.
     0 | D:1      | Reached XP level 1. HP: 17/17 MP: 3/3
   113 | D:1      | Reached skill level 1 in Spellcasting
   191 | D:1      | Reached XP level 2. HP: 21/24 MP: 4/6
   441 | D:1      | Reached skill level 2 in Spellcasting
   736 | D:2      | Reached XP level 3. HP: 15/29 MP: 8/8
  1217 | D:2      | HP: 1/29 [gnoll/+0 flail (10)]
  1444 | D:2      | Identified the +4 glaive "Dragon's Tongue" {heavy, Str+5
                  | Int+2}
  1448 | D:2      | Reached skill level 3 in Spellcasting
  1462 | D:2      | Reached XP level 4. HP: 36/36 MP: 11/11
  1946 | D:3      | Learned a level 3 spell: Frozen Ramparts
  2181 | D:3      | Slain by a gnoll

Illustrated notes

Levels and vault maps discovered:
D:1:      minmay_arrival_cross, layout_loops_ring, chequers_serial_rivers_marsh
D:2:      layout_rooms, basic_altar, minmay_tetromino_s4
D:3:      layout_loops_cross, serial_undead, serial_undead_a, serial_undead_e,
          serial_undead_f, serial_undead_d

Skill      XL: |  1  2  3 |
---------------+----------+-----
Fighting       | 2 |  2.0
Spellcasting   | 1 2 3 |  3.9
Staves         | |  2.6
Throwing       | |  1.7
Dodging        | |  2.6

Action                     |  1- 3 |  4- 6 || total
---------------------------+-------+-------++-------
  Melee: Quarterstaff      |   125 |       ||   125
         Glaive            |     6 |    21 ||    27
  Throw: Throwing net      |     3 |       ||     3
         Dart              |     2 |       ||     2
    Use: Scroll            |       |     2 ||     2
   Stab: Sleeping          |     3 |       ||     3
         Held in net/web   |     1 |       ||     1
         Distracted        |       |     1 ||     1
 Armour: Leather armour    |    84 |    19 ||   103
  Dodge: Dodged            |   103 |    19 ||   122
